 Dungeon Crawl Stone Soup version 0.21-a0-260-g9b2435e (webtiles) character file.

7 tidbits the Insei (level 1, 6/15 HPs)
             Began as a Demigod Transmuter on Sept 7, 2017.
             Quit the game on level 1 of the Dungeon.
             The game lasted 00:01:23 (191 turns).

tidbits the Insei (Demigod Transmuter)               Turns: 191, Time: 00:01:23

Health: 6/15       AC:  2    Str: 13    XL:     1   Next: 73%
Magic:  6/6        EV: 12    Int: 17    God:
Gold:   21         SH:  0    Dex: 16    Spells: 3/4 levels left

rFire    . . .     SeeInvis .   i - -2 hand axe (curse)
rCold    . . .     Gourm    .   (no shield)
rNeg     . . .     Faith    .   b - +0 robe
rPois    .         Spirit   .   (no helmet)
rElec    .         Reflect  .   (no cloak)
rCorr    .         Harm     .   (no gloves)
MR       .....                  (no boots)
Stlth    +.........             (no amulet)
HPRegen  0.05/turn              (no ring)
MPRegen  0.10/turn              (no ring)

@: no status effects
A: high mp 1
a: no special abilities


You were on level 1 of the Dungeon.
You were not hungry.

You visited 1 branch of the dungeon, and saw 1 of its levels.

You collected 21 gold pieces.

Inventory:

Hand Weapons
 e - a +0 mace
 f - a +0 hunting sling
 i - a cursed -2 hand axe (weapon)
Missiles
 a - 12 arrows
Armour
 b - a +0 robe (worn)
Potions
 g - a potion of heal wounds {unknown}
 h - a potion of brilliance {unknown}
Books
 c - a book of Changes

   Spells                             Type                      Level
   a - Beastly Appendage              Transmutation                1
   b - Sticks to Snakes               Transmutation                2
   c - Spider Form                    Transmutation/Poison         3
   d - Ice Form                       Ice/Transmutation            4
   e - Blade Hands                    Transmutation                5
Comestibles
 d - 2 bread rations


   Skills:
 - Level 0.8 Fighting
 - Level 1.7 Dodging
 - Level 2.6 Unarmed Combat
 + Level 2.3 Spellcasting
 - Level 1.7 Transmutations


You had 3 spell levels left.
You knew the following spells:

 Your Spells              Type           Power        Failure   Level  Hunger
e - Beastly Appendage     Tmut           #.....       9%          1    #......


Dungeon Overview and Level Annotations

Branches:
Dungeon (1/15)


Innate Abilities, Weirdness & Mutations

You have an increased reservoir of magic. (+10% MP)


Message History

Your horns disappear.
You swing at nothing.
You swing at nothing.
You swing at nothing.
You swing at nothing.
You swing at nothing.
You swing at nothing.
You swing at nothing.
You swing at nothing.
You swing at nothing.
You swing at nothing.
You swing at nothing.
You swing at nothing.
You swing at nothing.
You swing at nothing.
You swing at nothing.
You swing at nothing.
You swing at nothing.
You swing at nothing.
You swing at nothing.
You swing at nothing.
You swing at nothing.
You swing at nothing.
You swing at nothing.
You swing at nothing.
You swing at nothing.
You swing at nothing.
You swing at nothing.
You swing at nothing.
Wield which item (- for none, * to show all)? (? for menu, Esc to quit)
You are now empty-handed.
Found 10 gold pieces.
There is an open door here.
A bat comes into view.
Found an escape hatch in the floor.
The bat barely misses you.
Found a bubbling green potion.
Casting: Beastly Appendage
Confirm with . or Enter, or press ? or * to list all spells.
You grow a pair of large bovine horns.
The bat hits you.
* * * LOW HITPOINT WARNING * * *
The bat hits you but does no damage.
You closely miss the bat. The bat barely misses you. x2
The bat hits you but does no damage.
You closely miss the bat.
Your transformation is almost over.
The bat hits you but does no damage.
You miss the bat. The bat hits you but does no damage.
The bat hits you but does no damage.
There is an open door here.
The bat closely misses you. x2
You hit the bat. You headbutt the bat.
The bat is severely wounded.
The bat hits you but does no damage.
There is an open door here.
The bat barely misses you.
You hit the bat.
The bat is severely wounded.
The bat misses you.
You hit the bat.
You kill the bat!
Your horns disappear.
You see here a bat corpse.
There is an open door here.
You now have 10 gold pieces.
Found a large shield.
Found 11 gold pieces.
Found a golden potion.
g - a bubbling green potion You now have 21 gold pieces (gained 11).
A leopard gecko comes into view.
Casting: Beastly Appendage
Confirm with . or Enter, or press ? or * to list all spells.
You grow a pair of large bovine horns.
The leopard gecko hisses angrily.
The leopard gecko bites you but does no damage.
You closely miss the leopard gecko.
Your transformation is almost over.
The leopard gecko bites you.
* * * LOW HITPOINT WARNING * * *
You miss the leopard gecko. The leopard gecko bites you.
* * * LOW HITPOINT WARNING * * *
You hit the leopard gecko but do no damage.
You headbutt the leopard gecko.
The leopard gecko is severely wounded.
The leopard gecko completely misses you.
You closely miss the leopard gecko. You headbutt the leopard gecko.
You kill the leopard gecko!
h - a golden potion Your horns disappear.
Found a bread ration.
Found a runed hand axe.
d - 2 bread rations (gained 1)
You see here a runed hand axe.
i - a runed hand axe Wield which item (- for none, * to show all)? (? for menu, Esc to quit)
It sticks to your hand!
i - a cursed -2 hand axe (weapon)
Okay, then.
Are you sure you want to abandon this character and quit the game? (Confirm with "yes".)

##########.##..#.###.......###.##
#.###.#.# ##.....## #.## #.#
#.#.# ##...## #.# #.# #.#.# #+##
#.# #.# #.#.# #.# #.# #.# #.#.#
#.# #.# #.###.#.# ##.## #.#
#.......#####...## #.#
#.@.........# #.# #...######...##
#.# #### ##..#####.# ##.......#
#########


There were no monsters in sight!

Vanquished Creatures
  A leopard gecko (D:1)
  A hobgoblin (D:1)
  A bat (D:1)
  3 goblins (D:1)
6 creatures vanquished.

Notes
Turn   | Place    | Note
-------+----------+-------------------------------------------
     0 | D:1      | tidbits the Demigod Transmuter began the quest for the Orb.
     0 | D:1      | Reached XP level 1. HP: 15/15 MP: 5/5
     4 | D:1      | Noticed a black mamba
     9 | D:1      | Noticed an anaconda
    54 | D:1      | Reached skill level 2 in Spellcasting
   191 | D:1      | Quit the game

Vault maps used:
D:1:      sevenhm_arrival_forest_fort_small_2, st_stairs_9, minivault_14,
          minmay_statues_item

Skill      XL: |  1 |
---------------+----+-----
Spellcasting   | 2 |  2.3
Fighting       | |  0.8
Dodging        | |  1.7
Unarmed Combat | |  2.6
Transmutations | |  1.7

Action                   || total
-------------------------++-------
Melee: Unarmed           ||    23
       Headbutt          ||     4
 Cast: Beastly Appendage ||     5
Armor: Robe              ||     7
Dodge: Dodged            ||    13

Table legend:
 A = Spawn XP
 B = Non-spawn XP
 C = Spawn XP percentage of total XP
 D = Spawn monster count
 E = Non-spawn monster count
 F = Spawn count percentage of total count
 G = Total turns spent on level
                    A         B        C        D         E        F      G
               +---------+---------+-------+---------+---------+-------+---------
         Total |       0 |      11 |   0.0 |       0 |       6 |   0.0 |   191
               +---------+---------+-------+---------+---------+-------+---------
           D:1 |       0 |      11 |   0.0 |       0 |       6 |   0.0 |   191
               +---------+---------+-------+---------+---------+-------+---------

Table legend:
 A = Turns spent in this place as a percentage of turns spent in the entire game.
 B = Non-inter-level travel turns spent in this place as a percentage of non-inter-level travel turns spent in the entire game.
 C = Inter-level travel turns spent in this place as a percentage of turns spent in this place.
 D = Turns resting spent in this place as a percentage of non-inter-level travel turns spent in this place.
 E = Turns spent auto-exploring this place as a percentage of non-inter-level travel turns spent in this place.
 F = Non-inter-level travel turns spent in this place divided by the number of levels of this place that you've seen.
                   A       B       C       D       E      F
               +-------+-------+-------+-------+-------+----------------------
         Total | 100.0 | 100.0 |   0.0 |   0.0 |   0.0 | 191.0
       Dungeon | 100.0 | 100.0 |   0.0 |   0.0 |   0.0 | 191.0
               +-------+-------+-------+-------+-------+----------------------

Table legend:
 A = Kills in this place as a percentage of kills in entire the game.
 B = Kills by you in this place as a percentage of kills by you in the entire game.
 C = Kills by friends in this place as a percentage of kills by friends in the entire game.
 D = Other kills in this place as a percentage of other kills in the entire game.
 E = Experience gained in this place as a percentage of experience gained in the entire game.
 F = Experience gained in this place divided by the number of levels of this place that you have seen.
                   A       B       C       D       E      F
               +-------+-------+-------+-------+-------+----------------------
         Total | 100.0 | 100.0 |   N/A |   N/A | 100.0 |  11.0
       Dungeon | 100.0 | 100.0 |   N/A |   N/A | 100.0 |  11.0
               +-------+-------+-------+-------+-------+----------------------

Vault maps used:
D:1:      sevenhm_arrival_forest_fort_small_2, st_stairs_9, minivault_14,
          minmay_statues_item
